Blackhawks vs Senateurs
(R1)
Created - March 11, 2023 at 23:16
Goals
|
| Blackhawks |
0 |
0 |
2 |
2 |
| Senateurs |
1 |
2 |
3 |
6 |
|
Shots
|
| Blackhawks |
5 |
6 |
13 |
24 |
| Senateurs |
7 |
7 |
19 |
33 |
|
1st period
1. Senateurs , Sean Bergenheim 18 (Sidney Crosby 43, Evgeni Malkin 19) at 8:10
Penalties :
David Backes (Ott) for Goalie Interference (Minor) at 0:45, Evgeni Malkin (Ott) for Holding (Minor) at 4:13
2nd period
2. Senateurs , Brandon Sutter 18 (Evgeni Malkin 20) at 0:26
3. Senateurs , Cody Eakin 11 (Garnet Hathaway 5) at 7:05
Penalties :
Sean Bergenheim (Ott) for Cross-checking (Minor) at 2:55, Petter Granberg (Chi) for Hooking (Minor) at 4:55, Evgeni Malkin (Ott) for Boarding (Minor) at 12:13
3rd period
4. Senateurs , Rostislav Olesz 9 (Jeff Woywitka 4, Evgeni Malkin 21) at 6:13
5. Blackhawks , Corey Perry 16 (Petter Granberg 2, Radko Gudas 13) at 6:56 (SH)
6. Senateurs , David Backes 22 (Sidney Crosby 44, Brandon Sutter 18) at 8:12 (PP)
7. Blackhawks , Johnny Gaudreau 28 (Jordan Staal 33) at 14:53 (PP)
8. Senateurs , Evgeni Malkin 21 (Sean Bergenheim 21, Eric Gelinas 25) at 16:37 (PP)
Penalties :
Jakob Silfverberg (Chi) for Interference (Minor) at 1:14, Jamie McBain (Chi) for Roughing (Minor) at 6:18, Jordan Staal (Chi) for Holding Stick (Minor) at 6:39, Mats Zuccarello (Chi) for Slashing (Minor) at 11:58, Jason Akeson (Ott) for Close Hand On Puck (Minor) at 14:48, Johnny Gaudreau (Chi) for High sticking (Minor) at 15:45
Goalie Stats
Tuukka Rask (Chi), 27 saves from 33 shots - (0.818), L, 21-23-3, 60:00 minutes
Jonathan Bernier (Ott), 22 saves from 24 shots - (0.917), W, 20-15-2, 60:00 minutes
Players Stats for Blackhawks
Player Name G A P +/- PIM S H SB GA TA FO MP PP MP PK MP
------------------------------------------------------------------------------------
Antoine Roussel 0 0 0 -1 0 1 3 0 0 0 0/0 18:22 3:30 2:53
Ben Harpur 0 0 0 -2 0 0 1 0 0 0 0/0 10:28 0:00 0:13
Brett Maclean 0 0 0 -1 0 0 2 0 1 1 0/0 9:23 0:05 0:33
Corey Perry 1 0 1 1 0 4 1 0 2 0 1/4 18:41 3:30 3:03
Derek Roy 0 0 0 -1 0 1 1 0 0 0 12/20 18:19 3:30 2:50
Jakob Silfverberg 0 0 0 -2 2 1 1 4 0 0 0/1 18:43 4:17 0:00
James Wright 0 0 0 -1 0 0 1 0 0 0 2/3 8:50 0:05 0:00
Jamie McBain 0 0 0 -1 2 2 2 6 0 2 0/0 27:23 4:40 4:03
Johnny Gaudreau 1 0 1 -2 2 6 1 0 0 1 1/1 22:58 4:26 3:29
Jordan Staal 0 1 1 -2 2 2 1 2 1 1 12/28 23:26 4:26 3:56
Mats Zuccarello 0 0 0 -1 2 0 0 0 0 0 0/0 9:15 0:14 0:00
Mike Amadio 0 0 0 0 0 0 0 1 0 0 1/1 7:02 0:00 0:00
Nick Bonino 0 0 0 0 0 1 1 0 0 0 1/2 7:02 0:00 0:00
Petter Granberg 0 1 1 -1 2 2 0 1 1 1 0/0 21:08 3:21 3:43
Radko Gudas 0 1 1 0 0 2 1 2 0 2 0/0 29:18 4:40 5:57
Raphael Diaz 0 0 0 -2 0 1 1 2 0 1 0/0 20:38 3:21 3:12
Robert Hagg 0 0 0 -1 0 0 0 1 0 0 0/0 11:14 0:00 1:10
Stefan Matteau 0 0 0 0 0 1 1 0 0 1 0/0 7:02 0:00 0:00
Players Stats for Senateurs
Player Name G A P +/- PIM S H SB GA TA FO MP PP MP PK MP
------------------------------------------------------------------------------------
Brandon Sutter 1 1 2 0 0 4 2 2 2 1 5/10 18:32 5:02 2:26
Cody Eakin 1 0 1 1 0 2 1 0 0 0 0/2 8:44 0:06 0:02
David Backes 1 0 1 -1 2 4 0 0 1 0 0/2 16:42 5:02 0:00
Eric Gelinas 0 1 1 2 0 2 0 4 1 0 0/0 25:46 6:48 2:54
Evgeni Malkin 1 3 4 2 4 2 2 0 1 0 7/11 19:04 4:07 1:38
Garnet Hathaway 0 1 1 1 0 2 0 0 0 0 0/0 7:42 0:00 0:00
Jared Cowen 0 0 0 0 0 1 1 2 0 1 0/0 27:39 6:48 3:56
Jason Akeson 0 0 0 1 2 2 1 0 0 0 0/0 10:45 0:00 0:00
Jeff Woywitka 0 1 1 2 0 0 1 2 0 1 0/0 18:13 2:21 3:08
Jordan Martinook 0 0 0 1 0 2 0 1 0 1 0/0 9:48 0:00 1:42
Ladislav Smid 0 0 0 0 0 0 0 2 0 0 0/0 22:29 2:21 4:13
Michael Frolik 0 0 0 1 0 3 0 1 2 0 0/1 15:41 4:07 0:00
Michael Matheson 0 0 0 1 0 1 0 0 0 0 0/0 11:26 0:00 0:43
Rostislav Olesz 1 0 1 1 0 2 4 1 1 1 0/0 15:17 0:00 3:54
Sean Bergenheim 1 1 2 1 2 2 1 0 0 0 2/4 19:53 4:07 2:56
Sidney Crosby 0 2 2 0 0 3 0 1 1 0 16/29 21:58 4:56 3:17
Taylor Chorney 0 0 0 1 0 0 0 2 1 0 0/0 11:48 0:00 1:06
Tim Schaller 0 0 0 1 0 1 0 0 0 0 0/1 10:27 0:00 0:09
3 Stars
1 - Evgeni Malkin (Ott)
2 - Brandon Sutter (Ott)
3 - Rostislav Olesz (Ott)
Power Play
Blackhawks - 1 on 5 Attempt(s) - 20.00%
Senateurs - 2 on 6 Attempt(s) - 33.33%
Penalty Kill
Blackhawks - 4 on 6 Attempt(s) - 66.67%
- Score 1 goal in Penalty Kill
Senateurs - 4 on 5 Attempt(s) - 80.00%
- Score 0 goal in Penalty Kill
Team Stat
Blackhawks - Hits : 18 - Faceoff Wins : 30 - Blocked Shots : 19 - Penalty Minutes : 12
Senateurs - Hits : 13 - Faceoff Wins : 30 - Blocked Shots : 18 - Penalty Minutes : 10
Official
Referees : Brandon Blandina and Chris Schlenker
Linesman : Brandon Gawryletz and Ryan Daisy
Game Notes
No Game Note
Finance
Level 1 -- Attendance: 6000 (100.00%) -- Ticket Income $600,000
Level 2 -- Attendance: 5000 (100.00%) -- Ticket Income $300,000
Level 3 -- Attendance: 2000 (100.00%) -- Ticket Income $70,000
Level 4 -- Attendance: 3520 (88.00%) -- Ticket Income $88,000
Luxury Box -- Attendance: 1000 (100.00%) -- Ticket Income $200,000
Game was played at the Centre Canadian Tire.
Total Attendance: 17520 (97.33%)
Total Ticket Income: $1,258,000
Other Income: $188,700
Total Income: $1,446,700
Blackhawks
5 vs 5 Forward
Center Left Wing Right Wing Time % Phy DF OF
1 Jordan Staal Johnny Gaudreau Jakob Silfverberg 40 1 2 2
2 Derek Roy Antoine Roussel Corey Perry 30 1 2 2
3 James Wright Brett Maclean Mats Zuccarello 20 1 2 2
4 Nick Bonino Stefan Matteau Mike Amadio 10 1 2 2
5 vs 5 Defense
Defense Defense Time % Phy DF OF
1 Jamie McBain Radko Gudas 40 1 2 2
2 Raphael Diaz Petter Granberg 30 1 2 2
3 Robert Hagg Ben Harpur 20 1 2 2
4 Jamie McBain Radko Gudas 10 1 2 2
PowerPlay Forward
Center Left Wing Right Wing Time % Phy DF OF
1 Jordan Staal Johnny Gaudreau Jakob Silfverberg 60 1 2 2
2 Derek Roy Antoine Roussel Corey Perry 40 1 2 2
PowerPlay Defense
Defense Defense Time % Phy DF OF
1 Jamie McBain Radko Gudas 60 1 2 2
2 Raphael Diaz Petter Granberg 40 1 2 2
Penalty Kill 4 Players Forward
Center Wing Time % Phy DF OF
1 Jordan Staal Johnny Gaudreau 60 1 2 2
2 Derek Roy Antoine Roussel 40 1 2 2
Penalty Kill 4 Players Defense
Defense Defense Time % Phy DF OF
1 Jamie McBain Radko Gudas 60 1 2 2
2 Raphael Diaz Petter Granberg 40 1 2 2
Penalty Kill - 3 Players Forward
Forward Time % Phy DF OF
1 Jordan Staal 60 1 2 2
2 Derek Roy 40 1 2 2
Penalty Kill - 3 Players Defense
Defense Defense Time % Phy DF OF
1 Jamie McBain Radko Gudas 60 1 2 2
2 Raphael Diaz Petter Granberg 40 1 2 2
4 vs 4 Forward
Center Wing Time % Phy DF OF
1 Jordan Staal Johnny Gaudreau 60 1 2 2
2 Derek Roy Antoine Roussel 40 1 2 2
4 vs 4 Defense
Defense Defense Time % Phy DF OF
1 Jamie McBain Radko Gudas 60 1 2 2
2 Raphael Diaz Petter Granberg 40 1 2 2
Last Minutes Offensive
Center Left Wing Right Wing Defense Defense
Jordan Staal Johnny Gaudreau Jakob Silfverberg Jamie McBain Radko Gudas
Last Minutes Defensive
Center Left Wing Right Wing Defense Defense
Jordan Staal Johnny Gaudreau Jakob Silfverberg Jamie McBain Radko Gudas
Goaltenders
Starting : Tuukka Rask
Backup : Joe Cannata
Extra Forwards
Normal : Corey Perry, Derek Roy, Mats Zuccarello - PP : Corey Perry, Derek Roy - PK : Corey Perry
Extra Defensemen
Normal : Petter Granberg, Robert Hagg, Ben Harpur - PP : Petter Granberg - PK : Petter Granberg, Robert Hagg
Penalty Shots
Johnny Gaudreau, Jakob Silfverberg, Antoine Roussel, Jordan Staal, Corey Perry
Scratches
Calvin de Haan (Lower Body Injury)
Senateurs
5 vs 5 Forward
Center Left Wing Right Wing Time % Phy DF OF
1 Sidney Crosby Sean Bergenheim David Backes 40 1 2 2
2 Evgeni Malkin Rostislav Olesz Michael Frolik 30 1 2 2
3 Brandon Sutter Tim Schaller Jason Akeson 20 1 2 2
4 Cody Eakin Jordan Martinook Garnet Hathaway 10 1 2 2
5 vs 5 Defense
Defense Defense Time % Phy DF OF
1 Jared Cowen Ladislav Smid 40 1 2 2
2 Eric Gelinas Jeff Woywitka 30 1 2 2
3 Taylor Chorney Michael Matheson 20 1 2 2
4 Eric Gelinas Ladislav Smid 10 1 2 2
PowerPlay Forward
Center Left Wing Right Wing Time % Phy DF OF
1 Sidney Crosby Brandon Sutter David Backes 60 0 1 4
2 Evgeni Malkin Sean Bergenheim Michael Frolik 40 0 1 4
PowerPlay Defense
Defense Defense Time % Phy DF OF
1 Jared Cowen Eric Gelinas 60 0 1 4
2 Ladislav Smid Jeff Woywitka 40 0 1 4
Penalty Kill 4 Players Forward
Center Wing Time % Phy DF OF
1 Sidney Crosby Sean Bergenheim 50 1 2 2
2 Evgeni Malkin Rostislav Olesz 50 1 2 2
Penalty Kill 4 Players Defense
Defense Defense Time % Phy DF OF
1 Jared Cowen Eric Gelinas 50 1 2 2
2 Ladislav Smid Jeff Woywitka 50 1 2 2
Penalty Kill - 3 Players Forward
Forward Time % Phy DF OF
1 Sidney Crosby 50 1 2 2
2 Evgeni Malkin 50 1 2 2
Penalty Kill - 3 Players Defense
Defense Defense Time % Phy DF OF
1 Jared Cowen Eric Gelinas 50 1 2 2
2 Ladislav Smid Jeff Woywitka 50 1 2 2
4 vs 4 Forward
Center Wing Time % Phy DF OF
1 Sidney Crosby Sean Bergenheim 60 1 2 2
2 Evgeni Malkin Rostislav Olesz 40 1 2 2
4 vs 4 Defense
Defense Defense Time % Phy DF OF
1 Jared Cowen Eric Gelinas 60 1 2 2
2 Ladislav Smid Jeff Woywitka 40 1 2 2
Last Minutes Offensive
Center Left Wing Right Wing Defense Defense
Sidney Crosby Sean Bergenheim David Backes Jared Cowen Eric Gelinas
Last Minutes Defensive
Center Left Wing Right Wing Defense Defense
Sidney Crosby Sean Bergenheim David Backes Jared Cowen Eric Gelinas
Goaltenders
Starting : Jonathan Bernier
Backup : Brian Elliott
Extra Forwards
Normal : Sean Bergenheim, Brandon Sutter, Jason Akeson - PP : Sean Bergenheim, Brandon Sutter - PK : Sean Bergenheim
Extra Defensemen
Normal : Jeff Woywitka, Taylor Chorney, Michael Matheson - PP : Jeff Woywitka - PK : Jeff Woywitka, Taylor Chorney
Penalty Shots
Sidney Crosby, Evgeni Malkin, David Backes, Michael Frolik, Sean Bergenheim
Scratches
Anthony Bitetto (Healthy), Linden Vey (Healthy)
% Time on Ice - Blackhawks
Lines # - Real PCT - Wanted PCT - Time Play
Normal Forward
1 - 36% - 40% - 15:30
2 - 28% - 30% - 11:48
3 - 20% - 20% - 8:30
4 - 16% - 10% - 7:02
Normal Defense
1 - 41% - 40% - 17:22
2 - 33% - 30% - 14:05
3 - 24% - 20% - 10:04
4 - 3% - 10% - 1:19
PP Forward
1 - 56% - 60% - 4:31
2 - 44% - 40% - 3:30
PP Defense
1 - 58% - 60% - 4:40
2 - 42% - 40% - 3:21
PK Forward
1 - 85% - 60% - 6:27
2 - 15% - 40% - 1:09
PK Defense
1 - 58% - 60% - 4:24
2 - 42% - 40% - 3:12
PK3 Forward
1 - 100% - 60% - 1:33
2 - 0% - 40% - 0:00
PK3 Defense
1 - 100% - 60% - 1:33
2 - 0% - 40% - 0:00
44 Forward
1 - 0% - 60%
2 - 0% - 40%
44 Defense
1 - 0% - 60%
2 - 0% - 40%
Last Minute Offensive - 0:00
Last Minute Defensive - 0:00
Total
Forward - 60:00
Defense - 60:00
|
% Time on Ice - Senateurs
Lines # - Real PCT - Wanted PCT - Time Play
Normal Forward
1 - 31% - 40% - 13:22
2 - 27% - 30% - 11:35
3 - 24% - 20% - 10:17
4 - 18% - 10% - 7:36
Normal Defense
1 - 42% - 40% - 17:49
2 - 31% - 30% - 13:15
3 - 25% - 20% - 10:35
4 - 3% - 10% - 1:11
PP Forward
1 - 55% - 60% - 5:02
2 - 45% - 40% - 4:07
PP Defense
1 - 74% - 60% - 6:48
2 - 26% - 40% - 2:21
PK Forward
1 - 48% - 50% - 3:51
2 - 52% - 50% - 4:10
PK Defense
1 - 43% - 50% - 3:25
2 - 57% - 50% - 4:36
PK3 Forward
1 - 0% - 50%
2 - 0% - 50%
PK3 Defense
1 - 0% - 50%
2 - 0% - 50%
44 Forward
1 - 0% - 60%
2 - 0% - 40%
44 Defense
1 - 0% - 60%
2 - 0% - 40%
Last Minute Offensive - 0:00
Last Minute Defensive - 0:00
Total
Forward - 60:00
Defense - 60:00
|
Play-by-Play
1st period
0:01 of 1st period - Jordan Staal wins face-off versus Sidney Crosby in neutral zone.
0:26 of 1st period - Jared Cowen is hit by Brett Maclean and loses puck.
0:35 of 1st period - Snap shot by James Wright.
0:35 of 1st period - Shot Blocked by Ladislav Smid.
0:37 of 1st period - Snap shot by Mats Zuccarello.
0:37 of 1st period - Shot Misses the Net.
0:39 of 1st period - Slapshot by Petter Granberg.
0:39 of 1st period - Stopped by Jonathan Bernier with a rebound.
0:45 of 1st period - Minor Penalty to David Backes for Goalie Interference.
0:46 of 1st period - Jordan Staal wins face-off versus Evgeni Malkin in Senateurs zone.
0:53 of 1st period - Snap shot by Johnny Gaudreau.
0:53 of 1st period - Shot Blocked by Eric Gelinas.
2:45 of 1st period - Penalty to David Backes is over, David Backes is back on ice.
2:53 of 1st period - Eric Gelinas is hit by Radko Gudas and loses puck.
4:13 of 1st period - Minor Penalty to Evgeni Malkin for Holding.
4:14 of 1st period - Sidney Crosby wins face-off versus Jordan Staal in Senateurs zone.
4:48 of 1st period - Snap shot by Johnny Gaudreau.
4:48 of 1st period - Stopped by Jonathan Bernier without a rebound.
4:49 of 1st period - Brandon Sutter wins face-off versus Derek Roy in Senateurs zone.
6:13 of 1st period - Penalty to Evgeni Malkin is over, Evgeni Malkin is back on ice.
8:08 of 1st period - Snap shot by Sidney Crosby.
8:08 of 1st period - Stopped by Tuukka Rask with a rebound.
8:10 of 1st period - Snap shot by Sean Bergenheim.
8:10 of 1st period - Goal by Sean Bergenheim - Blackhawks : 0 - Senateurs : 1.
8:11 of 1st period - Brandon Sutter wins face-off versus Jordan Staal in neutral zone.
9:52 of 1st period - Slapshot by Rostislav Olesz.
9:52 of 1st period - Shot Blocked by Jakob Silfverberg.
10:10 of 1st period - Derek Roy is hit by Rostislav Olesz and loses puck.
10:34 of 1st period - Michael Frolik is hit by Nick Bonino and loses puck.
13:07 of 1st period - Wrist shot by Johnny Gaudreau.
13:07 of 1st period - Stopped by Jonathan Bernier without a rebound.
13:08 of 1st period - Mike Amadio wins face-off versus Brandon Sutter in Senateurs zone.
13:11 of 1st period - Backhand shot by Nick Bonino.
13:11 of 1st period - Shot Blocked by Brandon Sutter.
13:13 of 1st period - Backhand shot by Raphael Diaz.
13:13 of 1st period - Shot Blocked by Jeff Woywitka.
13:15 of 1st period - Slapshot by Petter Granberg.
13:15 of 1st period - Shot Misses the Net.
13:17 of 1st period - Slapshot by Petter Granberg.
13:17 of 1st period - Shot Misses the Net.
13:19 of 1st period - Wrist shot by Nick Bonino.
13:19 of 1st period - Shot Blocked by Jeff Woywitka.
13:21 of 1st period - Snap shot by Stefan Matteau.
13:21 of 1st period - Deflect By Nick Bonino.
13:21 of 1st period - Shot Hit the Post.
13:21 of 1st period - Puck is out of play.
13:22 of 1st period - Evgeni Malkin wins face-off versus Jordan Staal in Senateurs zone.
13:27 of 1st period - Slapshot by Jakob Silfverberg.
13:27 of 1st period - Shot Misses the Net.
13:37 of 1st period - Snap shot by Michael Frolik.
13:37 of 1st period - Shot Blocked by Petter Granberg.
14:36 of 1st period - Wrist shot by Garnet Hathaway.
14:36 of 1st period - Shot Blocked by Jakob Silfverberg.
14:58 of 1st period - Snap shot by Johnny Gaudreau.
14:58 of 1st period - Shot Misses the Net.
15:17 of 1st period - Snap shot by Garnet Hathaway.
15:17 of 1st period - Shot Blocked by Jamie McBain.
15:19 of 1st period - Slapshot by Jordan Martinook.
15:19 of 1st period - Stopped by Tuukka Rask without a rebound.
15:20 of 1st period - Evgeni Malkin wins face-off versus Derek Roy in Blackhawks zone.
15:25 of 1st period - Wrist shot by Evgeni Malkin.
15:25 of 1st period - Shot Blocked by Jamie McBain.
16:18 of 1st period - Backhand shot by Brandon Sutter.
16:18 of 1st period - Stopped by Tuukka Rask without a rebound.
16:19 of 1st period - Evgeni Malkin wins face-off versus Derek Roy in Blackhawks zone.
16:30 of 1st period - Snap shot by Antoine Roussel.
16:30 of 1st period - Shot Blocked by Rostislav Olesz.
16:48 of 1st period - Slapshot by Jamie McBain.
16:48 of 1st period - Stopped by Jonathan Bernier without a rebound.
16:49 of 1st period - James Wright wins face-off versus David Backes in Senateurs zone.
16:55 of 1st period - Off-side.
16:56 of 1st period - Derek Roy wins face-off versus Sidney Crosby in neutral zone.
17:01 of 1st period - Sidney Crosby is hit by Antoine Roussel and loses puck.
17:45 of 1st period - Wrist shot by Nick Bonino.
17:45 of 1st period - Stopped by Jonathan Bernier without a rebound.
17:46 of 1st period - Brandon Sutter wins face-off versus Jordan Staal in Senateurs zone.
17:53 of 1st period - Snap shot by Brandon Sutter.
17:53 of 1st period - Shot Misses the Net.
17:55 of 1st period - Wrist shot by Jason Akeson.
17:55 of 1st period - Stopped by Tuukka Rask with a rebound.
17:57 of 1st period - Snap shot by Jared Cowen.
17:57 of 1st period - Deflect By Jason Akeson.
17:57 of 1st period - Stopped by Tuukka Rask with a rebound.
17:59 of 1st period - Snap shot by Tim Schaller.
17:59 of 1st period - Stopped by Tuukka Rask without a rebound.
18:00 of 1st period - Sidney Crosby wins face-off versus Jakob Silfverberg in Blackhawks zone.
18:03 of 1st period - Wrist shot by Sidney Crosby.
18:03 of 1st period - Shot Blocked by Radko Gudas.
18:05 of 1st period - Wrist shot by David Backes.
18:05 of 1st period - Shot Blocked by Jordan Staal.
19:29 of 1st period - Snap shot by Jordan Martinook.
19:29 of 1st period - Deflect By Garnet Hathaway.
19:29 of 1st period - Shot Misses the Net.
19:29 of 1st period - Puck is out of play.
19:30 of 1st period - Nick Bonino wins face-off versus Evgeni Malkin in Blackhawks zone.
19:43 of 1st period - Snap shot by Nick Bonino.
19:43 of 1st period - Shot Misses the Net.
19:55 of 1st period - Wrist shot by Mike Amadio.
19:55 of 1st period - Shot Blocked by Taylor Chorney.
19:57 of 1st period - Slapshot by Robert Hagg.
19:57 of 1st period - Shot Misses the Net.
19:59 of 1st period - Snap shot by Mike Amadio.
19:59 of 1st period - Shot Blocked by Michael Frolik.
Goals for this period are 0 for Blackhawks vs 1 for Senateurs.
Shots for this period are 5 for Blackhawks vs 7 for Senateurs.
2nd period
0:01 of 2nd period - Jordan Staal wins face-off versus Sidney Crosby in neutral zone.
0:26 of 2nd period - Snap shot by Brandon Sutter.
0:26 of 2nd period - Goal by Brandon Sutter - Blackhawks : 0 - Senateurs : 2.
0:27 of 2nd period - Derek Roy wins face-off versus Sidney Crosby in neutral zone.
0:34 of 2nd period - Jeff Woywitka is hit by Antoine Roussel and loses puck.
0:39 of 2nd period - Slapshot by Corey Perry.
0:39 of 2nd period - Stopped by Jonathan Bernier with a rebound.
0:41 of 2nd period - Snap shot by Corey Perry.
0:41 of 2nd period - Shot Misses the Net.
0:43 of 2nd period - Slapshot by Radko Gudas.
0:43 of 2nd period - Stopped by Jonathan Bernier with a rebound.
0:55 of 2nd period - Jakob Silfverberg is hit by Evgeni Malkin and loses puck.
1:16 of 2nd period - Jason Akeson is hit by James Wright and loses puck.
1:43 of 2nd period - Wrist shot by Derek Roy.
1:43 of 2nd period - Shot Blocked by Jared Cowen.
1:45 of 2nd period - Slapshot by Jamie McBain.
1:45 of 2nd period - Stopped by Jonathan Bernier without a rebound.
1:46 of 2nd period - Jordan Staal wins face-off versus Evgeni Malkin in Senateurs zone.
1:53 of 2nd period - Wrist shot by Jakob Silfverberg.
1:53 of 2nd period - Shot Misses the Net.
1:55 of 2nd period - Snap shot by Jordan Staal.
1:55 of 2nd period - Stopped by Jonathan Bernier without a rebound.
1:56 of 2nd period - Evgeni Malkin wins face-off versus Jordan Staal in Senateurs zone.
2:23 of 2nd period - Slapshot by Jordan Staal.
2:23 of 2nd period - Deflect By Johnny Gaudreau.
2:23 of 2nd period - Stopped by Jonathan Bernier with a rebound.
2:49 of 2nd period - Wrist shot by Johnny Gaudreau.
2:49 of 2nd period - Shot Blocked by Eric Gelinas.
2:51 of 2nd period - Slapshot by Petter Granberg.
2:51 of 2nd period - Stopped by Jonathan Bernier without a rebound.
2:52 of 2nd period - Sean Bergenheim wins face-off versus Derek Roy in Senateurs zone.
2:52 of 2nd period - Sean Bergenheim is hit by Jamie McBain.
2:55 of 2nd period - Minor Penalty to Sean Bergenheim for Cross-checking.
2:56 of 2nd period - Derek Roy wins face-off versus Sidney Crosby in Senateurs zone.
3:22 of 2nd period - Jamie McBain is hit by Evgeni Malkin and loses puck.
4:55 of 2nd period - Penalty to Sean Bergenheim is over, Sean Bergenheim is back on ice.
4:55 of 2nd period - Minor Penalty to Petter Granberg for Hooking.
4:56 of 2nd period - Johnny Gaudreau wins face-off versus Sidney Crosby in Blackhawks zone.
6:55 of 2nd period - Penalty to Petter Granberg is over, Petter Granberg is back on ice.
7:05 of 2nd period - Wrist shot by Cody Eakin.
7:05 of 2nd period - Goal by Cody Eakin - Blackhawks : 0 - Senateurs : 3.
7:06 of 2nd period - Brandon Sutter wins face-off versus Jordan Staal in neutral zone.
7:12 of 2nd period - Off-side.
7:13 of 2nd period - Jordan Staal wins face-off versus Brandon Sutter in neutral zone.
7:13 of 2nd period - Jordan Staal is hit by Brandon Sutter.
7:30 of 2nd period - Snap shot by Brandon Sutter.
7:30 of 2nd period - Shot Misses the Net.
7:32 of 2nd period - Slapshot by Michael Matheson.
7:32 of 2nd period - Shot Blocked by Jamie McBain.
7:34 of 2nd period - Slapshot by Brandon Sutter.
7:34 of 2nd period - Stopped by Tuukka Rask without a rebound.
7:35 of 2nd period - Sidney Crosby wins face-off versus Corey Perry in Blackhawks zone.
7:38 of 2nd period - Slapshot by David Backes.
7:38 of 2nd period - Stopped by Tuukka Rask with a rebound.
7:41 of 2nd period - Icing by Jamie McBain.
7:42 of 2nd period - Derek Roy wins face-off versus Sidney Crosby in Blackhawks zone.
7:47 of 2nd period - Sidney Crosby is hit by Corey Perry and loses puck.
7:54 of 2nd period - Snap shot by Corey Perry.
7:54 of 2nd period - Shot Blocked by Ladislav Smid.
7:56 of 2nd period - Snap shot by Corey Perry.
7:56 of 2nd period - Shot Misses the Net.
7:58 of 2nd period - Slapshot by Radko Gudas.
7:58 of 2nd period - Shot Misses the Net.
8:39 of 2nd period - Slapshot by Jared Cowen.
8:39 of 2nd period - Shot Blocked by Jamie McBain.
10:17 of 2nd period - Icing by Brandon Sutter.
10:18 of 2nd period - Derek Roy wins face-off versus Brandon Sutter in Senateurs zone.
10:35 of 2nd period - Slapshot by Brandon Sutter.
10:35 of 2nd period - Shot Misses the Net.
10:55 of 2nd period - Eric Gelinas is hit by Johnny Gaudreau and loses puck.
11:20 of 2nd period - Rostislav Olesz is hit by Brett Maclean and loses puck.
11:56 of 2nd period - Snap shot by Johnny Gaudreau.
11:56 of 2nd period - Shot Blocked by Eric Gelinas.
12:13 of 2nd period - Minor Penalty to Evgeni Malkin for Boarding.
12:14 of 2nd period - Sean Bergenheim wins face-off versus Jordan Staal in Senateurs zone.
12:41 of 2nd period - Derek Roy is hit by Brandon Sutter and loses puck.
14:13 of 2nd period - Penalty to Evgeni Malkin is over, Evgeni Malkin is back on ice.
14:20 of 2nd period - Brett Maclean is hit by Rostislav Olesz.
14:42 of 2nd period - Nick Bonino is hit by Rostislav Olesz and loses puck.
15:58 of 2nd period - Cody Eakin is hit by Jordan Staal and loses puck.
16:09 of 2nd period - Petter Granberg is hit by Cody Eakin and loses puck.
16:14 of 2nd period - Snap shot by Sidney Crosby.
16:14 of 2nd period - Shot Blocked by Mike Amadio.
16:29 of 2nd period - Sidney Crosby is hit by Raphael Diaz and loses puck.
18:37 of 2nd period - Tim Schaller is hit by Ben Harpur and loses puck.
18:45 of 2nd period - Icing by Eric Gelinas.
18:46 of 2nd period - Derek Roy wins face-off versus Sidney Crosby in Senateurs zone.
19:07 of 2nd period - Wrist shot by Jordan Martinook.
19:07 of 2nd period - Deflect By Raphael Diaz.
19:07 of 2nd period - Shot Blocked by Raphael Diaz.
19:07 of 2nd period - Puck is out of play.
19:08 of 2nd period - Jordan Staal wins face-off versus Cody Eakin in Blackhawks zone.
19:13 of 2nd period - Slapshot by Radko Gudas.
19:13 of 2nd period - Shot Blocked by Jordan Martinook.
19:21 of 2nd period - Snap shot by Cody Eakin.
19:21 of 2nd period - Stopped by Tuukka Rask with a rebound.
19:23 of 2nd period - Snap shot by Garnet Hathaway.
19:23 of 2nd period - Shot Misses the Net.
19:25 of 2nd period - Slapshot by Jared Cowen.
19:25 of 2nd period - Deflect By Jordan Martinook.
19:25 of 2nd period - Stopped by Tuukka Rask with a rebound.
19:29 of 2nd period - Wrist shot by Garnet Hathaway.
19:29 of 2nd period - Shot Blocked by Jakob Silfverberg.
19:37 of 2nd period - Snap shot by Garnet Hathaway.
19:37 of 2nd period - Stopped by Tuukka Rask without a rebound.
19:38 of 2nd period - Derek Roy wins face-off versus Sidney Crosby in Blackhawks zone.
Goals for this period are 0 for Blackhawks vs 2 for Senateurs.
Shots for this period are 6 for Blackhawks vs 7 for Senateurs.
3rd period
0:01 of 3rd period - Sidney Crosby wins face-off versus Derek Roy in neutral zone.
0:16 of 3rd period - Snap shot by David Backes.
0:16 of 3rd period - Deflect By Jamie McBain.
0:16 of 3rd period - Stopped by Tuukka Rask with a rebound.
0:30 of 3rd period - Slapshot by Jakob Silfverberg.
0:30 of 3rd period - Stopped by Jonathan Bernier without a rebound.
0:31 of 3rd period - Jordan Staal wins face-off versus Evgeni Malkin in Senateurs zone.
0:50 of 3rd period - Rostislav Olesz is hit by Jakob Silfverberg and loses puck.
0:59 of 3rd period - Radko Gudas is hit by Rostislav Olesz and loses puck.
1:12 of 3rd period - Snap shot by Michael Frolik.
1:12 of 3rd period - Stopped by Tuukka Rask with a rebound.
1:14 of 3rd period - Minor Penalty to Jakob Silfverberg for Interference.
1:15 of 3rd period - Sidney Crosby wins face-off versus Jordan Staal in Blackhawks zone.
1:16 of 3rd period - Slapshot by David Backes.
1:16 of 3rd period - Shot Misses the Net.
1:18 of 3rd period - Slapshot by Jared Cowen.
1:18 of 3rd period - Deflect By Brandon Sutter.
1:18 of 3rd period - Stopped by Tuukka Rask with a rebound.
1:20 of 3rd period - Snap shot by Sidney Crosby.
1:20 of 3rd period - Stopped by Tuukka Rask with a rebound.
3:14 of 3rd period - Penalty to Jakob Silfverberg is over, Jakob Silfverberg is back on ice.
3:23 of 3rd period - Snap shot by Cody Eakin.
3:23 of 3rd period - Shot Blocked by Jamie McBain.
3:25 of 3rd period - Slapshot by Garnet Hathaway.
3:25 of 3rd period - Stopped by Tuukka Rask with a rebound.
3:27 of 3rd period - Slapshot by Michael Matheson.
3:27 of 3rd period - Stopped by Tuukka Rask without a rebound.
3:28 of 3rd period - James Wright wins face-off versus Cody Eakin in Blackhawks zone.
3:55 of 3rd period - Taylor Chorney is hit by Derek Roy and loses puck.
5:12 of 3rd period - Snap shot by Corey Perry.
5:12 of 3rd period - Shot Blocked by Sidney Crosby.
5:20 of 3rd period - Slapshot by Antoine Roussel.
5:20 of 3rd period - Stopped by Jonathan Bernier without a rebound.
5:21 of 3rd period - Evgeni Malkin wins face-off versus Jordan Staal in Senateurs zone.
5:29 of 3rd period - Off-side.
5:30 of 3rd period - Evgeni Malkin wins face-off versus Jordan Staal in neutral zone.
5:45 of 3rd period - Snap shot by Michael Frolik.
5:45 of 3rd period - Stopped by Tuukka Rask with a rebound.
5:51 of 3rd period - Wrist shot by Michael Frolik.
5:51 of 3rd period - Shot Blocked by Jordan Staal.
5:53 of 3rd period - Wrist shot by Jeff Woywitka.
5:53 of 3rd period - Shot Misses the Net.
6:01 of 3rd period - Wrist shot by Evgeni Malkin.
6:01 of 3rd period - Deflect By Rostislav Olesz.
6:01 of 3rd period - Stopped by Tuukka Rask with a rebound.
6:03 of 3rd period - Slapshot by Eric Gelinas.
6:03 of 3rd period - Shot Blocked by Jakob Silfverberg.
6:05 of 3rd period - Wrist shot by Michael Frolik.
6:05 of 3rd period - Shot Blocked by Raphael Diaz.
6:07 of 3rd period - Wrist shot by Evgeni Malkin.
6:07 of 3rd period - Stopped by Tuukka Rask with a rebound.
6:13 of 3rd period - Snap shot by Rostislav Olesz.
6:13 of 3rd period - Goal by Rostislav Olesz - Blackhawks : 0 - Senateurs : 4.
6:14 of 3rd period - Sidney Crosby wins face-off versus Derek Roy in neutral zone.
6:18 of 3rd period - Minor Penalty to Jamie McBain for Roughing.
6:19 of 3rd period - Sidney Crosby wins face-off versus Jordan Staal in Blackhawks zone.
6:36 of 3rd period - Slapshot by Sidney Crosby.
6:36 of 3rd period - Stopped by Tuukka Rask without a rebound.
6:37 of 3rd period - Jordan Staal wins face-off versus Sean Bergenheim in Blackhawks zone.
6:39 of 3rd period - Minor Penalty to Jordan Staal for Holding Stick.
6:40 of 3rd period - Corey Perry wins face-off versus Sidney Crosby in Blackhawks zone.
6:48 of 3rd period - Slapshot by Radko Gudas.
6:48 of 3rd period - Stopped by Jonathan Bernier with a rebound.
6:50 of 3rd period - Wrist shot by Radko Gudas.
6:50 of 3rd period - Shot Misses the Net.
6:52 of 3rd period - Slapshot by Petter Granberg.
6:52 of 3rd period - Shot Blocked by Eric Gelinas.
6:54 of 3rd period - Wrist shot by Corey Perry.
6:54 of 3rd period - Stopped by Jonathan Bernier with a rebound.
6:56 of 3rd period - Snap shot by Corey Perry.
6:56 of 3rd period - Goal by Corey Perry - Blackhawks : 1 - Senateurs : 4.
6:57 of 3rd period - Sidney Crosby wins face-off versus Corey Perry in neutral zone.
7:38 of 3rd period - Wrist shot by Evgeni Malkin.
7:38 of 3rd period - Deflect By Michael Frolik.
7:38 of 3rd period - Shot Blocked by Robert Hagg.
7:38 of 3rd period - Puck is out of play.
7:39 of 3rd period - Evgeni Malkin wins face-off versus Derek Roy in Blackhawks zone.
7:42 of 3rd period - Wrist shot by Evgeni Malkin.
7:42 of 3rd period - Shot Blocked by Radko Gudas.
7:46 of 3rd period - Slapshot by Michael Frolik.
7:46 of 3rd period - Stopped by Tuukka Rask with a rebound.
7:48 of 3rd period - Snap shot by Michael Frolik.
7:48 of 3rd period - Shot Misses the Net.
8:12 of 3rd period - Slapshot by David Backes.
8:12 of 3rd period - Goal by David Backes - Blackhawks : 1 - Senateurs : 5.
8:13 of 3rd period - Sidney Crosby wins face-off versus Corey Perry in neutral zone.
8:18 of 3rd period - Snap shot by Brandon Sutter.
8:18 of 3rd period - Shot Blocked by Jamie McBain.
8:39 of 3rd period - Penalty to Jordan Staal is over, Jordan Staal is back on ice.
8:58 of 3rd period - Snap shot by Johnny Gaudreau.
8:58 of 3rd period - Stopped by Jonathan Bernier without a rebound.
8:59 of 3rd period - Sidney Crosby wins face-off versus James Wright in Senateurs zone.
9:25 of 3rd period - Taylor Chorney is hit by Jamie McBain and loses puck.
9:38 of 3rd period - Slapshot by Raphael Diaz.
9:38 of 3rd period - Stopped by Jonathan Bernier with a rebound.
9:50 of 3rd period - Wrist shot by Jordan Staal.
9:50 of 3rd period - Stopped by Jonathan Bernier without a rebound.
9:51 of 3rd period - Jordan Staal wins face-off versus Sidney Crosby in Senateurs zone.
10:37 of 3rd period - Snap shot by Stefan Matteau.
10:37 of 3rd period - Stopped by Jonathan Bernier without a rebound.
10:38 of 3rd period - Sidney Crosby wins face-off versus Nick Bonino in Senateurs zone.
10:38 of 3rd period - Sidney Crosby is hit by Stefan Matteau.
10:46 of 3rd period - Slapshot by Eric Gelinas.
10:46 of 3rd period - Stopped by Tuukka Rask with a rebound.
11:03 of 3rd period - Icing by David Backes.
11:04 of 3rd period - Derek Roy wins face-off versus Brandon Sutter in Senateurs zone.
11:58 of 3rd period - Minor Penalty to Mats Zuccarello for Slashing.
11:59 of 3rd period - Jordan Staal wins face-off versus Sidney Crosby in Blackhawks zone.
12:33 of 3rd period - Snap shot by Derek Roy.
12:33 of 3rd period - Deflect By Antoine Roussel.
12:33 of 3rd period - Shot Blocked by Jared Cowen.
12:33 of 3rd period - Puck is out of play.
12:34 of 3rd period - Derek Roy wins face-off versus Michael Frolik in Senateurs zone.
13:25 of 3rd period - Jamie McBain is hit by Jeff Woywitka and loses puck.
13:40 of 3rd period - Jordan Staal is hit by Sean Bergenheim and loses puck.
13:47 of 3rd period - Slapshot by Sean Bergenheim.
13:47 of 3rd period - Stopped by Tuukka Rask without a rebound.
13:48 of 3rd period - Sidney Crosby wins face-off versus Jordan Staal in Blackhawks zone.
13:58 of 3rd period - Penalty to Mats Zuccarello is over, Mats Zuccarello is back on ice.
14:21 of 3rd period - Snap shot by Nick Bonino.
14:21 of 3rd period - Shot Blocked by Taylor Chorney.
14:43 of 3rd period - Snap shot by Corey Perry.
14:43 of 3rd period - Stopped by Jonathan Bernier without a rebound.
14:44 of 3rd period - Derek Roy wins face-off versus Tim Schaller in Senateurs zone.
14:48 of 3rd period - Minor Penalty to Jason Akeson for Close Hand On Puck.
14:49 of 3rd period - Jordan Staal wins face-off versus Sidney Crosby in Senateurs zone.
14:51 of 3rd period - Slapshot by Johnny Gaudreau.
14:51 of 3rd period - Stopped by Jonathan Bernier with a rebound.
14:53 of 3rd period - Snap shot by Jordan Staal.
14:53 of 3rd period - Deflect By Johnny Gaudreau.
14:53 of 3rd period - Goal by Johnny Gaudreau - Blackhawks : 2 - Senateurs : 5.
14:54 of 3rd period - Derek Roy wins face-off versus Sean Bergenheim in neutral zone.
15:32 of 3rd period - Slapshot by Jamie McBain.
15:32 of 3rd period - Shot Blocked by Brandon Sutter.
15:34 of 3rd period - Snap shot by Derek Roy.
15:34 of 3rd period - Stopped by Jonathan Bernier without a rebound.
15:35 of 3rd period - Sidney Crosby wins face-off versus Jordan Staal in Senateurs zone.
15:45 of 3rd period - Minor Penalty to Johnny Gaudreau for High sticking.
15:46 of 3rd period - Sidney Crosby wins face-off versus Jordan Staal in Blackhawks zone.
15:48 of 3rd period - Wrist shot by David Backes.
15:48 of 3rd period - Shot Misses the Net.
15:50 of 3rd period - Slapshot by Eric Gelinas.
15:50 of 3rd period - Deflect By Corey Perry.
15:50 of 3rd period - Stopped by Tuukka Rask without a rebound.
15:51 of 3rd period - Brandon Sutter wins face-off versus Jordan Staal in Blackhawks zone.
16:00 of 3rd period - Slapshot by David Backes.
16:00 of 3rd period - Stopped by Tuukka Rask with a rebound.
16:02 of 3rd period - Slapshot by Sidney Crosby.
16:02 of 3rd period - Deflect By Brandon Sutter.
16:02 of 3rd period - Shot Misses the Net.
16:02 of 3rd period - Puck is out of play.
16:03 of 3rd period - Jordan Staal wins face-off versus David Backes in Blackhawks zone.
16:03 of 3rd period - Jordan Staal is hit by Jared Cowen.
16:37 of 3rd period - Snap shot by Evgeni Malkin.
16:37 of 3rd period - Goal by Evgeni Malkin - Blackhawks : 2 - Senateurs : 6.
16:38 of 3rd period - Sidney Crosby wins face-off versus Derek Roy in neutral zone.
17:53 of 3rd period - Icing by Brandon Sutter.
17:54 of 3rd period - Derek Roy wins face-off versus Brandon Sutter in Senateurs zone.
18:05 of 3rd period - Brandon Sutter is hit by Antoine Roussel and loses puck.
18:30 of 3rd period - Slapshot by Tim Schaller.
18:30 of 3rd period - Shot Misses the Net.
18:32 of 3rd period - Slapshot by Jared Cowen.
18:32 of 3rd period - Stopped by Tuukka Rask with a rebound.
19:30 of 3rd period - Jamie McBain is hit by Jason Akeson and loses puck.
19:44 of 3rd period - Off-side.
19:45 of 3rd period - Sidney Crosby wins face-off versus Jordan Staal in neutral zone.
Goals for this period are 2 for Blackhawks vs 3 for Senateurs.
Shots for this period are 13 for Blackhawks vs 19 for Senateurs.